 Dungeon Crawl Stone Soup version 0.22-a0-769-g178e55541d (webtiles) character file.

111 Marius the Slasher (level 5, 0/41 HPs)
             Began as a Human Fighter on July 17, 2018.
             Slain by an adder (4 damage)
             ... on level 3 of the Dungeon.
             The game lasted 00:04:28 (1908 turns).

Marius the Slasher (Human Fighter)                  Turns: 1908, Time: 00:04:28

Health: 0/41       AC: 11    Str: 17    XL:     5   Next: 15%
Magic:  5/5        EV:  3    Int:  9    God:
Gold:   137        SH:  9    Dex: 12    Spells: 4/4 levels left

rFire    . . .     SeeInvis .   a - +0 long sword
rCold    . . .     Gourm    .   c - +0 shield
rNeg     . . .     Faith    .   o - +0 plate armour
rPois    .         Spirit   .   (no helmet)
rElec    .         Reflect  .   (no cloak)
rCorr    .         Harm     .   (no gloves)
MR       .....                  (no boots)
Stlth    ..........             (no amulet)
HPRegen  0.13/turn              (no ring)
MPRegen  0.09/turn              (no ring)

@: lethally poisoned (0 -> -8)
A: no striking features
a: no special abilities


You were on level 3 of the Dungeon.
You were not hungry.

You visited 1 branch of the dungeon, and saw 3 of its levels.

You collected 137 gold pieces.

Inventory:

Hand Weapons
 a - a +0 long sword (weapon)
 m - a +1 short sword of protection
Missiles
 n - 15 arrows
 p - 18 bolts
 q - 12 poisoned needles
Armour
 b - a +0 scale mail
 c - a +0 shield (worn)
 l - a scarf of resistance
 o - a +0 plate armour (worn)
Scrolls
 e - 2 scrolls of teleportation
Potions
 d - a potion of might
 g - a potion of ambrosia {unknown}
 h - a potion of berserk rage {unknown}
 i - a potion of haste {unknown}
 k - 2 potions of resistance {unknown}
Comestibles
 f - 2 rations
 j - 2 chunks of flesh


   Skills:
 + Level 3.3 Fighting
 + Level 3.6 Long Blades
 + Level 3.5 Armour
 + Level 0.4 Dodging
 + Level 3.5 Shields


You had 4 spell levels left.
You didn't know any spells.
Your spell library contained the following spells:

 Spells                   Type           Power        Failure   Level  Hunger
 Apportation              Tloc           #.....       100%        1    ##.....
 Invisibility             Hex            #.......     100%        6    #######
 Tukima's Dance           Hex            #.......     100%        3    ####...
 Summon Butterflies       Summ           #.......     100%        1    ##.....
 Alistair's Intoxication  Tmut/Pois      #.......     100%        5    ######.
 Lesser Beckoning         Tloc           #.........   100%        3    ####...


Dungeon Overview and Level Annotations

Branches:
Dungeon (3/15)

Altars:
Dithmenos
Ru


Message History

* * * LOW HITPOINT WARNING * * *
You feel sick.
The adder bites you but does no damage. x2
Your plate armour prevents you from hitting the adder.
The adder is heavily wounded.
* * * LOW HITPOINT WARNING * * *
You feel sick.
The adder bites you but does no damage. x2
You barely miss the adder.
The adder is heavily wounded.
* * * LOW HITPOINT WARNING * * *
You feel sick. You block the adder's attack.
You hit the adder.
The adder is severely wounded.
* * * LOW HITPOINT WARNING * * *
You feel sick. You block the adder's attack.
The adder bites you but does no damage.
You closely miss the adder.
The adder is severely wounded.
* * * LOW HITPOINT WARNING * * *
You feel sick. The adder bites you.
You die...

#..# #...#
#..# #.###.#
#..##8... #.#
#.#
#..##.....##.#
#.#
..#8....%8#.#
#.#
..##.....##.#
#.# #8...8 #.#
#b# ##>## #.#
#S#
#######.###@#
#.#........#
#......#####
###....#
#....#
####.... #####


You could see an adder and a bat.

Vanquished Creatures
  A gnoll (D:1)
  4 adders
  2 oozes
  A worm (D:2)
  3 leopard geckos
  A ball python (D:2)
  3 giant cockroaches
  7 goblins
  9 hobgoblins
  7 kobolds
  A quokka (D:2)
  6 bats
  4 frilled lizards
  3 rats
52 creatures vanquished.

Vanquished Creatures (others)
  4 toadstools (D:1)
4 creatures vanquished.

Grand Total: 56 creatures vanquished

Notes
Turn   | Place    | Note
-------+----------+-------------------------------------------
     0 | D:1      | Marius the Human Fighter began the quest for the Orb.
     0 | D:1      | Reached XP level 1. HP: 18/18 MP: 1/1
    57 | D:1      | Reached XP level 2. HP: 23/24 MP: 2/2
   297 | D:1      | Reached XP level 3. HP: 28/29 MP: 3/3
   826 | D:2      | Reached XP level 4. HP: 30/35 MP: 4/4
  1448 | D:2      | Found a shadowy altar of Dithmenos.
  1715 | D:3      | Reached XP level 5. HP: 41/41 MP: 5/5
  1810 | D:3      | Found a sacrificial altar of Ru.
  1908 | D:3      | Slain by an adder

Vault maps used:
D:1:      ldierk_water_garden, minmay_heptomino_h4
D:2:      grunt_dithmenos_smoke_and_mirrors
D:3:      nicolae_overflow_hidden_temple, portal_sewer_entry_c,
          serial_bayou_pond_e

Skill      XL: |  1  2  3 |
---------------+----------+-----
Long Blades    | 3 |  3.6
Fighting       | |  3.3
Armour         | |  3.5
Dodging        | |  0.4
Shields        | |  3.5

Action                   |  1- 3 |  4- 6 || total
-------------------------+-------+-------++-------
Melee: Long sword        |    89 |   136 ||   225
  Use: Scroll            |       |     2 ||     2
  Eat: Ration            |       |     1 ||     1
Armor: Scale mail        |    35 |    74 ||   109
       Plate armour      |       |    12 ||    12
Dodge: Dodged            |    28 |    42 ||    70
Block: Shield            |    55 |    76 ||   131
       Rpst.: Long sword |    15 |    11 ||    26

Table legend:
 A = Spawn XP
 B = Non-spawn XP
 C = Spawn XP percentage of total XP
 D = Spawn monster count
 E = Non-spawn monster count
 F = Spawn count percentage of total count
 G = Total turns spent on level
                    A         B        C        D         E        F      G
               +---------+---------+-------+---------+---------+-------+---------
         Total |       0 |     159 |   0.0 |       0 |      52 |   0.0 |  1908
               +---------+---------+-------+---------+---------+-------+---------
           D:1 |       0 |      62 |   0.0 |       0 |      26 |   0.0 |   786
           D:2 |       0 |      73 |   0.0 |       0 |      18 |   0.0 |   908
           D:3 |       0 |      24 |   0.0 |       0 |       8 |   0.0 |   214
               +---------+---------+-------+---------+---------+-------+---------
